Map: [ESL] Site Delta

Players

Classic - Winner!

  • Race: Protoss Protoss
  • Spawn Location: 5:00

DRG

  • Race: Zerg Zerg
  • Spawn Location: 11:00

Event: IEM Katowice 2024

VOD

Have the link to the VOD?

Description

Time

  • Played on: Dec. 6, 2023, 4:34 a.m.
  • Length: 6:23

All games in this series

Show
View Real Time Build Order
Export as new Build Order

Classic Protoss - Winner!

Build Orders: 1 Gate Expand, Oracle Opening 

Get SALT Encoding   

  12  0:00  Probe  
  13  0:12  Probe  
  14  0:18  Pylon  
  14  0:24  Probe  
  15  0:36  Probe (Chrono Boost)  
  15  0:39  Gateway  
  16  0:45  Probe (Chrono Boost)  
  16  0:48  Assimilator  
  17  0:50  Probe (Chrono Boost)  
  18  1:03  Probe  
  19  1:15  Probe  
  20  1:26  Nexus  
  20  1:29  Probe  
  21  1:40  Cybernetics Core  
  21  1:42  Probe  
  22  1:48  Assimilator  
  22  1:54  Pylon  
  22  1:57  Probe  
  23  2:12  Probe  
  23  2:13  Adept (Chrono Boost)  
  24  2:17  Stargate  
  26  2:24  Probe  
  26  2:26  Warp Gate  
  27  2:36  Probe (Chrono Boost), Adept  
  30  2:37  Probe (Chrono Boost)  
  31  2:46  Probe (Chrono Boost)  
  31  2:47  Probe (Chrono Boost)  
  31  2:51  Probe (Chrono Boost)  
  33  2:52  Probe (Chrono Boost)  
  35  3:03  Probe  
  35  3:05  Probe  
  41  3:06  Void Ray (Chrono Boost)  
  41  3:15  Probe  
  41  3:17  Probe  
  41  3:24  Gateway  
  41  3:28  Pylon, Probe  
  41  3:29  Probe  
  41  3:32  Oracle (Chrono Boost)  
  43  3:36  Assimilator  
  43  3:39  Assimilator  
  46  3:46  Probe x2  
  48  3:49  Twilight Council  
  48  3:58  Gateway, Probe x2  
  48  3:59  Gateway  
  50  4:13  Pylon  
  50  4:15  Nexus  
  50  4:21  Resonating Glaives (Chrono Boost), Adept x2  
  54  4:32  Pylon  
  54  4:41  Probe x2  
  54  4:43  Assimilator  
  54  4:45  Adept x2  
  60  4:49  Pylon  
  60  4:52  Adept  
  60  4:53  Adept  
  64  5:01  Pylon, Probe x2  
  64  5:06  Adept x2  
  70  5:13  Probe x2  
  72  5:16  Adept x2  
  76  5:27  Adept x2  
  80  5:29  Robotics Facility  
  80  5:34  Probe x2  
  79  5:35  Probe  
  79  5:38  Adept x2  
  84  5:46  Probe x2  
  84  5:48  Probe  
  84  5:49  Adept x2  
  91  5:58  Probe x2  
  91  6:00  Probe  
  94  6:05  Pylon  
  94  6:10  Probe x2  
  96  6:14  Adept x2  
  101  6:18  Gateway  
  101  6:20  Gateway  
Show
View Real Time Build Order
Export as new Build Order

DRG Zerg 

Build Orders: Hatch First 

Get SALT Encoding   

  12  0:00  Drone  
  13  0:11  Overlord  
  13  0:16  Drone  
  14  0:30  Drone x2  
  14  0:33  Drone  
  17  0:51  Hatchery  
  17  0:54  Drone  
  17  0:57  Drone  
  18  1:05  Drone  
  18  1:08  Extractor  
  18  1:15  Spawning Pool  
  18  1:18  Drone  
  18  1:27  Drone  
  19  1:38  Drone  
  20  1:49  Drone  
  21  2:00  Overlord  
  21  2:03  Queen x2  
  21  2:04  Drone  
  26  2:10  Zergling x2  
  26  2:11  Metabolic Boost  
  26  2:14  Zergling x2  
  28  2:20  Drone  
  29  2:25  Zergling x2  
  30  2:31  Drone  
  30  2:37  Drone  
  32  2:39  Queen  
  34  2:46  Hatchery  
  34  2:49  Overlord  
  33  2:53  Drone  
  33  2:57  Drone  
  35  2:58  Overlord  
  35  3:10  Drone x3  
  37  3:14  Queen  
  37  3:17  Drone  
  37  3:19  Queen  
  41  3:26  Drone  
  42  3:27  Drone x3  
  42  3:32  Overlord  
  45  3:35  Drone  
  46  3:42  Overlord  
  46  3:43  Drone  
  47  3:52  Zergling x10  
  52  3:57  Queen x2  
  52  4:01  Spore Crawler  
  55  4:03  Drone x2  
  55  4:07  Drone x2  
  59  4:10  Drone  
  59  4:12  Drone  
  61  4:17  Drone x3  
  61  4:19  Drone x2  
  65  4:26  Overlord  
  65  4:28  Overlord  
  65  4:36  Drone  
  65  4:38  Lair, Overlord  
  65  4:41  Overlord  
  65  4:45  Drone x5  
  70  4:52  Drone x3  
  73  4:58  Roach Warren  
  72  5:03  Drone x5  
  76  5:09  Extractor  
  76  5:10  Extractor x3  
  76  5:11  Extractor  
  76  5:12  Drone x3  
  74  5:15  Drone x5  
  74  5:16  Drone  
  74  5:17  Spore Crawler  
  79  5:22  Drone  
  79  5:24  Drone  
  81  5:29  Drone x3  
  81  5:34  Overlord  
  81  5:35  Drone  
  85  5:43  Drone x4  
  85  5:45  Overlord  
  85  5:47  Roach  
  85  5:48  Roach x3  
  95  5:55  Roach x5  
  103  5:59  Roach x2  
  103  6:04  Roach  

Tags
 
Add a new tag
Caveats
  • Supply blocks, unpowered buildings, or Contaminate may cause inaccurate times.
  • Supply counts are checked every 10 seconds.